 Dungeon Crawl Stone Soup version 0.25-a0-860-gf695395 (webtiles) character file.

Game seed: 13628735078532626464, levelgen mode: deterministic

832 Bionic the Slasher (level 7, -1/60 HPs)
             Began as a Gnoll Chaos Knight on Apr 28, 2020.
             Was a Plaything of Xom.
             Slain by Grinder (2 damage)
             ... while paralysed by Grinder
             ... on level 5 of the Dungeon.
             The game lasted 00:07:50 (3350 turns).

Bionic the Slasher (Gnoll Chaos Knight)             Turns: 3350, Time: 00:07:51

Health: -1/60      AC: 14    Str: 16    XL:     7   Next: 98%
Magic:  11/11      EV:  2    Int: 15    God:    Xom [.*....]
Gold:   338        SH:  0    Dex: 14    Spells: 11/11 levels left

rFire    + + .     SeeInvis .   a - +2 falchion (chaos)
rCold    x . .     Gourm    .   (no shield)
rNeg     . . .     Faith    .   r - +3 chain mail {rF+}
rPois    .         Spirit   .   x - +0 helmet
rElec    .         Reflect  .   (no cloak)
rCorr    .         Harm     .   (no gloves)
MR       .....                  (no boots)
Stlth    ..........             (no amulet)
HPRegen  0.20/turn              p - ring of fire {rF+, rC-}
MPRegen  0.12/turn              (no ring)

@: paralysed, mighty, stab, studying Bows
A: distributed training, fangs 1, strong nose
a: Renounce Religion


You were on level 5 of the Dungeon.
You worshipped Xom.
You were a plaything of Xom.
You were not hungry.

You visited 1 branch of the dungeon, and saw 5 of its levels.

You collected 338 gold pieces.

Inventory:

Hand Weapons
 a - a +2 falchion of chaos (weapon)
Missiles
 l - 175 stones (quivered)
Armour
 r - a +3 chain mail of fire resistance (worn)
   (You took it off Ijyb on level 4 of the Dungeon)
 x - a +0 helmet (worn)
   (You found it on level 4 of the Dungeon)
Magical Staves
 z - an uncursed staff of poison {unknown}
   (You found it on level 4 of the Dungeon)
Jewellery
 p - a ring of fire (left hand) {rF+, rC-}
   (You found it on level 2 of the Dungeon)
Wands
 o - a wand of paralysis (10)
   (You found it on level 2 of the Dungeon)
 u - a wand of disintegration (13)
   (You found it on level 3 of the Dungeon)
 y - a wand of scattershot (2)
   (You took it off Ijyb on level 4 of the Dungeon)
Scrolls
 b - a scroll of amnesia {unknown}
 e - 2 scrolls of fear
 h - 3 scrolls of remove curse
 q - 3 scrolls of teleportation
 t - a scroll of immolation {!r}
Potions
 d - 4 potions of ambrosia
 f - a potion of magic {unknown}
 i - 5 potions of stabbing
 j - 4 potions of curing
 k - 2 potions of haste
 s - a potion of might {unknown}
 v - a potion of brilliance {unknown}
 w - 2 potions of heal wounds
Books
 m - a manual of Bows {!d}
   (You found it on level 4 of the Dungeon)
Comestibles
 c - 3 rations
 g - 8 chunks of flesh {@w0}


   Skills:
 + Level 7.1 Fighting
 + Level 2.7 Short Blades
 + Level 7.1 Long Blades
 + Level 2.7 Axes
 + Level 2.7 Maces & Flails
 + Level 2.7 Polearms
 + Level 2.7 Staves
 + Level 2.7 Slings
 + Level 3.1 Bows
 + Level 2.7 Crossbows
 + Level 2.7 Throwing
 + Level 5.4 Armour
 + Level 3.8 Dodging
 + Level 2.7 Stealth
 + Level 2.7 Shields
 + Level 2.7 Unarmed Combat
 + Level 2.7 Spellcasting
 + Level 2.2 Conjurations
 + Level 2.2 Hexes
 + Level 2.2 Charms
 + Level 2.2 Summonings
 + Level 2.2 Necromancy
 + Level 2.2 Translocations
 + Level 2.2 Transmutations
 + Level 2.2 Fire Magic
 + Level 2.2 Ice Magic
 + Level 2.2 Air Magic
 + Level 2.2 Earth Magic
 + Level 2.2 Poison Magic
 + Level 3.0 Invocations
 + Level 2.7 Evocations


You had 11 spell levels left.
You didn't know any spells.
Your spell library was empty.

Dungeon Overview and Level Annotations

Branches:
Dungeon (5/15)
 Temple: D:4-7

Altars:

Annotations:
D:5 Grinder


Innate Abilities, Weirdness & Mutations

Your experience applies equally to all skills.
You have very sharp teeth.
Your uncanny sense of smell can sniff out nearby items.


Message History

The worker ant zombie bites you but does no damage.
You hit the worker ant zombie.
The worker ant zombie seems to slow down.
The worker ant zombie is no longer moving slowly.
You slash the worker ant zombie!
You destroy the worker ant zombie!
MP restored: 11
d - 4 potions of ambrosia (gained 2)
Things that are here:
a cursed -2 shortbow; 18 arrows
Found a stone staircase leading down.
There is an open door here.
l - 175 stones (gained 16)
You open the door.
There is an open door here.
Found a stone staircase leading up.
Health restored: 60 A hound zombie comes into view.
You hit the hound zombie. You burn the hound zombie.
The hound zombie bites you but does no damage.
You hit the hound zombie but do no damage.
The hound zombie suddenly seems more agile.
Xom is amused.
The hound zombie barely misses you.
You hit the hound zombie.
The hound zombie flickers and vanishes!
Deactivating autopickup; reactivate with Ctrl-A.
Something bites you but does no damage.
You miss something.
Something bites you but does no damage. x2
You miss something. Something bites you but does no damage.
You hit something. Something bites you but does no damage.
You closely miss something. Something bites you.
You take 2 damage, and have 58/60 hp.
You miss something. Something bites you but does no damage.
You miss something. Something bites you.
Something bites you but does no damage.
You take 2 damage, and have 56/60 hp.
You hit something. You punch something. Something bites you but does no damage.
You miss something. Something bites you but does no damage.
You hit something. You burn something. Something bites you but does no damage.
Your chain mail prevents you from hitting something.
Something bites you but does no damage.
You miss something. You bite something. Something bites you.
You take 1 damage, and have 56/60 hp.
You miss something.
Something bites you but does no damage. x2
You slash something!
Reactivating autopickup.
You feel a bit more experienced.
You open the door.
There is an open door here.
Grinder comes into view.
Grinder shouts!
Grinder blinks!
Grinder blinks!
You hit Grinder.
Grinder convulses.
Grinder barely misses you.
You closely miss Grinder. Grinder closely misses you.
You slash Grinder! You bite Grinder, but do no damage. Grinder hits you.
You writhe in agony.
You take 6 damage, and have 53/60 hp.
You completely miss Grinder.
Xom plays with reality for a moment.
You begin to radiate toxic energy.
Grinder hits you but does no damage.
You hit Grinder but do no damage.
Grinder seems to grow stronger.
You hit Grinder.
Grinder seems to speed up.
Xom is highly amused!
Your bite misses Grinder. Grinder hits you but does no damage.
Grinder gestures at you.
You suddenly lose the ability to move!
Your toxic aura wanes.
Grinder hits you!
Grinder blinks!
Grinder gestures at you.
You shrug off the repeated paralysis!
You can move again.
You take 6 damage, and have 47/60 hp.
You hit Grinder. Grinder gestures at you.
You suddenly lose the ability to move! "Go forth and cause havoc, mortal!"
You feel very mighty all of a sudden. Grinder hits you but does no damage.
Grinder gestures at you. You resist with significant effort. Grinder hits you!
You writhe in agony. "See what I see, my child!"
You detect nothing.
Grinder gestures at you. Pain shoots through your body! Grinder hits you.
You writhe in agony. "Go forth and destroy!"
You feel ready to backstab.
You are now a plaything of Xom.
Grinder hits you.
* * * LOW HITPOINT WARNING * * *
You writhe in agony.
* * * LOW HITPOINT WARNING * * *
Xom titters.
Grinder looks rather confused.
Grinder hits you!
* * * LOW HITPOINT WARNING * * *
You writhe in agony.
You die...
Xom is highly amused!

.......#
>......#.....##...#
.......#..........####
.......#..............
.......#.............
.......#............
.......#..........#
.[.....#..........######
.......'.......5@......#
.......#............)..#..
.......#...............'..
.......#.....#######...#..
.......#####'#.....# ..#
...................# ##
....................
....................
....................


You could see Grinder (confused).

Vanquished Creatures
  Sigmund (D:2)
  3 ogres (D:4)
  A centaur (D:5)
  2 scorpions (D:4)
  A centaur skeleton (D:4)
  Ijyb (D:4)
  An iguana (D:4)
  A hound zombie (D:5)
  A worker ant zombie (D:5)
  2 gnolls
  3 adders
  3 worms
  3 dart slugs
  3 leopard geckos
  12 orcs
  4 bats
  3 giant cockroaches
  7 hobgoblins
  5 jackals (D:2)
  3 quokkas
  A ball python (D:2)
  5 frilled lizards
  9 goblins
  6 kobolds
  A leopard gecko skeleton (D:4)
  3 rats
85 creatures vanquished.

Vanquished Creatures (others)
  A dart slug (D:3)
1 creature vanquished.

Grand Total: 86 creatures vanquished

Notes
Turn   | Place    | Note
-------+----------+-------------------------------------------
     0 | D:1      | Bionic the Gnoll Chaos Knight began the quest for the Orb.
     0 | D:1      | Reached XP level 1. HP: 23/23 MP: 1/1
     8 | D:1      | XOM: silly message
   121 | D:1      | XOM: silly message
   132 | D:1      | Reached XP level 2. HP: 29/29 MP: 2/2
   543 | D:2      | Reached XP level 3. HP: 34/35 MP: 3/3
   621 | D:2      | XOM: 2-stop teleportation journey
   705 | D:2      | XOM: noise
   709 | D:2      | Reached skill level 1 in Invocations
  1042 | D:2      | Reached skill level 1 in Short Blades
  1042 | D:2      | Reached skill level 1 in Axes
  1042 | D:2      | Reached skill level 1 in Maces & Flails
  1042 | D:2      | Reached skill level 1 in Polearms
  1042 | D:2      | Reached skill level 1 in Staves
  1042 | D:2      | Reached skill level 1 in Slings
  1042 | D:2      | Reached skill level 1 in Bows
  1042 | D:2      | Reached skill level 1 in Crossbows
  1042 | D:2      | Reached skill level 1 in Throwing
  1042 | D:2      | Reached skill level 1 in Stealth
  1042 | D:2      | Reached skill level 1 in Shields
  1042 | D:2      | Reached skill level 1 in Unarmed Combat
  1042 | D:2      | Reached skill level 1 in Spellcasting
  1042 | D:2      | Reached skill level 1 in Evocations
  1084 | D:2      | Noticed Sigmund
  1097 | D:2      | XOM: potion effect (might)
  1098 | D:2      | Killed Sigmund
  1098 | D:2      | Reached skill level 3 in Dodging
  1098 | D:2      | Reached skill level 1 in Conjurations
  1098 | D:2      | Reached skill level 1 in Hexes
  1098 | D:2      | Reached skill level 1 in Charms
  1098 | D:2      | Reached skill level 1 in Summonings
  1098 | D:2      | Reached skill level 1 in Necromancy
  1098 | D:2      | Reached skill level 1 in Translocations
  1098 | D:2      | Reached skill level 1 in Transmutations
  1098 | D:2      | Reached skill level 1 in Fire Magic
  1098 | D:2      | Reached skill level 1 in Ice Magic
  1098 | D:2      | Reached skill level 1 in Air Magic
  1098 | D:2      | Reached skill level 1 in Earth Magic
  1098 | D:2      | Reached skill level 1 in Poison Magic
  1098 | D:2      | Reached XP level 4. HP: 37/41 MP: 4/6
  1098 | D:2      | Reached XP level 5. HP: 43/47 MP: 4/7
  1200 | D:2      | XOM: silly message
  1367 | D:3      | Reached XP level 6. HP: 53/53 MP: 8/8
  1415 | D:3      | Reached skill level 2 in Invocations
  2232 | D:4      | Reached skill level 2 in Short Blades
  2232 | D:4      | Reached skill level 2 in Axes
  2232 | D:4      | Reached skill level 2 in Maces & Flails
  2232 | D:4      | Reached skill level 2 in Polearms
  2232 | D:4      | Reached skill level 2 in Staves
  2232 | D:4      | Reached skill level 2 in Slings
  2232 | D:4      | Reached skill level 2 in Bows
  2232 | D:4      | Reached skill level 2 in Crossbows
  2232 | D:4      | Reached skill level 2 in Throwing
  2232 | D:4      | Reached skill level 5 in Armour
  2232 | D:4      | Reached skill level 2 in Stealth
  2232 | D:4      | Reached skill level 2 in Shields
  2232 | D:4      | Reached skill level 2 in Unarmed Combat
  2232 | D:4      | Reached skill level 2 in Spellcasting
  2232 | D:4      | Reached skill level 2 in Evocations
  2271 | D:4      | Reached XP level 7. HP: 29/59 MP: 10/10
  2281 | D:4      | Reached skill level 7 in Fighting
  2281 | D:4      | Reached skill level 7 in Long Blades
  2450 | D:4      | Reached skill level 2 in Conjurations
  2450 | D:4      | Reached skill level 2 in Hexes
  2450 | D:4      | Reached skill level 2 in Charms
  2450 | D:4      | Reached skill level 2 in Summonings
  2450 | D:4      | Reached skill level 2 in Necromancy
  2450 | D:4      | Reached skill level 2 in Translocations
  2450 | D:4      | Reached skill level 2 in Transmutations
  2450 | D:4      | Reached skill level 2 in Fire Magic
  2450 | D:4      | Reached skill level 2 in Ice Magic
  2450 | D:4      | Reached skill level 2 in Air Magic
  2450 | D:4      | Reached skill level 2 in Earth Magic
  2450 | D:4      | Reached skill level 2 in Poison Magic
  2632 | D:4      | XOM: 1-stop teleportation journey
  2687 | D:4      | Noticed Ijyb
  2700 | D:4      | Killed Ijyb
  2822 | D:4      | XOM: noise
  2951 | D:4      | XOM: silly message
  2978 | D:5      | Entered Level 5 of the Dungeon
  3272 | D:5      | Reached skill level 3 in Bows
  3272 | D:5      | Reached skill level 3 in Invocations
  3329 | D:5      | Noticed Grinder
  3338 | D:5      | XOM: cast spell 'Olgreb's Toxic Radiance'
  3340 | D:5      | Paralysed by Grinder for 2 turns
  3345 | D:5      | Paralysed by Grinder for 6 turns
  3346 | D:5      | XOM: potion effect (might)
  3348 | D:5      | XOM: divination: detect items
  3349 | D:5      | XOM: potion effect (stabbing)
  3349 | D:5      | HP: 14/60 [Grinder (4)]
  3350 | D:5      | XOM: confuse monster(s)
  3350 | D:5      | HP: 1/60 [Grinder (13)]
  3350 | D:5      | Slain by Grinder

Levels and vault maps discovered:
D:1:      giann_wishing_wells, layout_rooms, solitary_fountain
D:2:      layout_basic, uniq_sigmund
D:3:      layout_loops_corners
D:4:      layout_basic, first_ration, corexii_checkpoint_a, minmay_manual_mail,
          uniq_ijyb
D:5:      layout_gridville, uniq_grinder

Skill      XL: |  1  2  3  4  5  6  7 |
---------------+----------------------+-----
Invocations    | 1 2 3 |  3.0
Short Blades   | 1 2 |  2.7
Axes           | 1 2 |  2.7
Maces & Flails | 1 2 |  2.7
Polearms       | 1 2 |  2.7
Staves         | 1 2 |  2.7
Slings         | 1 2 |  2.7
Bows           | 1 2 3 |  3.1
Crossbows      | 1 2 |  2.7
Throwing       | 1 2 |  2.7
Stealth        | 1 2 |  2.7
Shields        | 1 2 |  2.7
Unarmed Combat | 1 2 |  2.7
Spellcasting   | 1 2 |  2.7
Evocations     | 1 2 |  2.7
Dodging        | 3 |  3.8
Conjurations   | 1 2 |  2.2
Hexes          | 1 2 |  2.2
Charms         | 1 2 |  2.2
Summonings     | 1 2 |  2.2
Necromancy     | 1 2 |  2.2
Translocations | 1 2 |  2.2
Transmutations | 1 2 |  2.2
Fire Magic     | 1 2 |  2.2
Ice Magic      | 1 2 |  2.2
Air Magic      | 1 2 |  2.2
Earth Magic    | 1 2 |  2.2
Poison Magic   | 1 2 |  2.2
Armour         | 5 |  5.4
Fighting       | 7 |  7.1
Long Blades    | 7 |  7.1

Action                   |  1- 3 |  4- 6 |  7- 9 || total
-------------------------+-------+-------+-------++-------
Melee: Falchion          |    66 |   104 |    78 ||   248
       Bite              |     8 |    13 |     4 ||    25
       Punch             |       |     1 |     1 ||     2
Throw: Stone             |     3 |    10 |     3 ||    16
  Use: Scroll            |       |       |    12 ||    12
  Eat: Chunk             |     1 |     3 |     1 ||     5
       Ration            |       |       |     1 ||     1
Armor: Leather armour    |    11 |       |       ||    11
       Scale mail        |     5 |    36 |    15 ||    56
       Chain mail        |       |       |    25 ||    25
Dodge: Dodged            |    35 |    51 |    41 ||   127
       Rpst.: Falchion   |    15 |    12 |     9 ||    36

Table legend:
 A = Non-vault XP
 B = Vault XP
 C = Vault XP percentage of total XP
 D = Non-vault monster count
 E = Vault monster count
 F = Vault count percentage of total count
                 A         B        C        D         E       F
            +---------+---------+-------+---------+---------+-------
      Total |     622 |     567 |  47.7 |      77 |       9 |  10.5
            +---------+---------+-------+---------+---------+-------
        D:1 |      32 |       0 |   0.0 |      12 |       0 |   0.0
        D:2 |      52 |     227 |  81.4 |      19 |       1 |   5.0
        D:3 |     101 |       0 |   0.0 |      33 |       0 |   0.0
        D:4 |     277 |     340 |  55.1 |       5 |       8 |  61.5
        D:5 |     160 |       0 |   0.0 |       8 |       0 |   0.0
            +---------+---------+-------+---------+---------+-------

Levels and vault maps discovered:
D:1:      giann_wishing_wells, layout_rooms, solitary_fountain
D:2:      layout_basic, uniq_sigmund
D:3:      layout_loops_corners
D:4:      layout_basic, first_ration, corexii_checkpoint_a, minmay_manual_mail,
          uniq_ijyb
D:5:      layout_gridville, uniq_grinder

Table legend:
 A = Turns spent in this place as a percentage of turns spent in the entire game.
 B = Non-inter-level travel turns spent in this place as a percentage of non-inter-level travel turns spent in the entire game.
 C = Inter-level travel turns spent in this place as a percentage of turns spent in this place.
 D = Turns resting spent in this place as a percentage of non-inter-level travel turns spent in this place.
 E = Turns spent auto-exploring this place as a percentage of non-inter-level travel turns spent in this place.
 F = Non-inter-level travel turns spent in this place divided by the number of levels of this place that you've seen.
                   A       B       C       D       E      F
               +-------+-------+-------+-------+-------+----------------------
         Total | 100.0 | 100.0 |   4.7 |   6.7 |  70.0 | 638.8
       Dungeon | 100.0 | 100.0 |   4.7 |   6.7 |  70.0 | 638.8
               +-------+-------+-------+-------+-------+----------------------

Table legend:
 A = Kills in this place as a percentage of kills in entire the game.
 B = Kills by you in this place as a percentage of kills by you in the entire game.
 C = Kills by friends in this place as a percentage of kills by friends in the entire game.
 D = Other kills in this place as a percentage of other kills in the entire game.
 E = Experience gained in this place as a percentage of experience gained in the entire game.
 F = Experience gained in this place divided by the number of levels of this place that you have seen.
                   A       B       C       D       E      F
               +-------+-------+-------+-------+-------+----------------------
         Total | 100.0 | 100.0 |   N/A | 100.0 | 100.0 | 237.8
       Dungeon | 100.0 | 100.0 |   N/A | 100.0 | 100.0 | 237.8
               +-------+-------+-------+-------+-------+----------------------
